 Dungeon Crawl Stone Soup version 0.29.1-2-gbd0b4ee654 (webtiles) character file.

Game seed: 12096394691934869362

95 GorkyZ the Trooper (level 4, -1/35 HPs)
             Began as a Demonspawn Fighter on Nov 22, 2022.
             Slain by Sigmund
             ... wielding a +3 scythe of protection
              (2 damage)
             ... on level 4 of the Dungeon.
             The game lasted 00:05:59 (2862 turns).

GorkyZ the Trooper (Demonspawn Fighter)             Turns: 2862, Time: 00:05:59

Health: -1/35      AC: 10    Str: 19    XL:     4   Next: 39%
Magic:  4/4        EV:  7    Int:  9    God:
Gold:   182        SH:  0    Dex: 12    Spells: 3/3 levels left

rFire   . . .      SeeInvis .   s - +0 short sword (drain)
rCold   . . .      Faith    .   c - +0 buckler
rNeg    . . .      Spirit   .   f - +0 chain mail
rPois   +          Reflect  .   (no helmet)
rElec   .          Harm     .   (no cloak)
rCorr   .          Rampage  .   o - +0 pair of gloves
Will    .....                   (no boots)
Stlth   ..........              (no amulet)
HPRegen 0.11/turn               g - ring of poison resistance
MPRegen 0.09/turn               (no ring)

@: confused
A: weakness stinger 1
a: no special abilities


You were on level 4 of the Dungeon.
You visited 1 branch of the dungeon, and saw 4 of its levels.

You collected 182 gold pieces.

Inventory:

Hand Weapons
 a - a +0 war axe
 s - a +0 short sword of draining (weapon)
Missiles
 r - 6 curare-tipped darts (quivered)
 v - 4 silver boomerangs
Armour
 b - a +0 scale mail
 c - a +0 buckler (worn)
 f - a +0 chain mail (worn)
 o - a +0 pair of gloves (worn)
Jewellery
 g - a ring of poison resistance (left hand)
 x - an amulet of regeneration
Wands
 u - a wand of quicksilver (9)
Scrolls
 i - a scroll of blinking {unknown}
 j - a scroll of torment {unknown}
 k - 5 scrolls of identify {unknown}
 l - a scroll of noise {unknown}
 n - a scroll of brand weapon {unknown}
 q - a scroll of fear {unknown}
 t - a scroll of immolation {unknown}
 w - a scroll of enchant armour {unknown}
Potions
 d - 2 potions of might
 e - 2 potions of berserk rage {unknown}
 h - a potion of attraction {unknown}
 m - a potion of curing {unknown}
 p - 3 potions of lignification {unknown}
 z - a potion of brilliance {unknown}


   Skills:
 + Level 3.3 Fighting
 + Level 2.2 Axes
 + Level 1.3 Throwing
 + Level 3.0 Armour
 + Level 1.2 Dodging
 + Level 3.0 Shields
 + Level 1.2 Evocations


You had 3 spell levels left.
You didn't know any spells.
Your spell library contained the following spells:

 Spells                   Type           Power      Damage    Failure   Level
 Gell's Gravitas          Tloc           0%         N/A       100%        3
 Lesser Beckoning         Tloc           0%         N/A       100%        3
 Teleport Other           Tloc           0%         N/A       100%        3
 Fireball                 Conj/Fire      0%         3d3       100%        5
 Fire Storm               Conj/Fire      0%         5d1       100%        9


Dungeon Overview and Level Annotations

Branches:
Dungeon (4/15)
 Temple: D:4-7

Altars:

Annotations:
D:3 3 runed translucent doors, ripuliukko's ghost, amateur GrEE
D:4 Sigmund


Innate Abilities, Weirdness & Mutations

You have a small tail.


Message History

Something hits you.
You miss something.
You hear some strange, mumbled words.
You are confused.
You completely miss something.
Your tail-slap misses something.
You hear some strange, mumbled words.
Something tries to affect you, but you resist.
You bump into the rock wall.
Something hits you.
You bump into the rock wall.
Something hits you.
You barely miss something.
You bump into the rock wall.
Something hits you. Something hits you but does no damage.
You bump into the rock wall.
You feel less confused.
You hit something but do no damage. Something hits you.
You miss something. Something hits you but does no damage.
You closely miss something. Something hits you!
* * * LOW HITPOINT WARNING * * *
You closely miss something.
Your tail-slap misses something.
You miss something.
Your tail-slap misses something.
Something hits you.
* * * LOW HITPOINT WARNING * * *
You miss something.
Your tail-slap misses something.
You hear some strange, mumbled words.
A magic dart appears from out of thin air!
The magic dart hits you.
* * * LOW HITPOINT WARNING * * *
You barely miss something. You tail-slap something! Something hits you.
* * * LOW HITPOINT WARNING * * *
You miss something.
You hear some strange, mumbled words.
You are confused.
You miss something.
Your tail-slap misses something.
Something hits you but does no damage.
You bump into the rock wall.
You hear some strange, mumbled words.
A magic dart appears from out of thin air!
The magic dart hits you.
* * * LOW HITPOINT WARNING * * *
You closely miss something. Something hits you.
You die...

#..#.....#####.#
##.####..............#
........#.......##.###
##.############.##.#
#.##.# #.##.# #.##.###
#######.##...#
......{@####<#
.......## #.# ######.
#.# #. #.# #. #.# #.
#.# #. #.# #. #.#


There were no monsters in sight!

Vanquished Creatures
  3 adders (D:3)
  3 worms
  4 dart slugs
  4 bats
  5 endoplasms
  A giant cockroach (D:2)
  4 goblins
  4 hobgoblins
  3 kobolds
  3 quokkas
  5 ball pythons
  3 frilled lizards (D:1)
  7 rats
49 creatures vanquished.

Notes
Turn   | Place    | Note
-------+----------+-------------------------------------------
     0 | D:1      | GorkyZ the Demonspawn Fighter began the quest for the Orb.
     0 | D:1      | Reached XP level 1. HP: 18/18 MP: 1/1
   216 | D:1      | Got the Essays on Striking
   402 | D:1      | Gained mutation: You have a small tail. [demonic ancestry]
   402 | D:1      | Reached XP level 2. HP: 21/24 MP: 2/2
   864 | D:1      | Found a faded altar of an unknown god.
  1430 | D:2      | Reached XP level 3. HP: 29/29 MP: 3/3
  1614 | D:2      | Reached skill level 1 in Dodging
  1680 | D:2      | Reached skill level 1 in Throwing
  1934 | D:2      | Reached skill level 1 in Evocations
  2302 | D:3      | Reached XP level 4. HP: 35/35 MP: 4/4
  2511 | D:3      | Found a runed translucent gate.
  2511 | D:3      | Found a runed translucent gate.
  2511 | D:3      | Found a runed translucent gate.
  2601 | D:3      | Noticed ripuliukko's ghost (amateur GrEE)
  2839 | D:4      | Noticed Sigmund
  2861 | D:4      | HP: 1/35 [something/magic dart (3)]
  2862 | D:4      | Slain by Sigmund

Illustrated notes

Levels and vault maps discovered:
D:1:      lemuel_arrival_river_ford, layout_basic,
          chequers_ecumenical_altar_twisty
D:2:      layout_loops_ring
D:3:      layout_rooms, gammafunk_ghost_icy
D:4:      layout_loops_ring, nicolae_sif_muna_little_library,
          minmay_temple_entry_tees, uniq_sigmund

Skill      XL: |  1  2  3  4 |
---------------+-------------+-----
Axes           | 2 |  2.2
Dodging        | 1 |  1.2
Throwing       | 1 |  1.3
Evocations     | 1 |  1.2
Armour         | 3 |  3.0
Shields        | 3 |  3.0
Fighting       | |  3.3

Action                   |  1- 3 |  4- 6 || total
-------------------------+-------+-------++-------
Melee: War axe           |   100 |       ||   100
       Tailslap          |     8 |     4 ||    12
       Short sword       |     8 |    44 ||    52
Armor: Chain mail        |    58 |    19 ||    77
       Scale mail        |     7 |       ||     7
Dodge: Dodged            |    33 |    15 ||    48
Block: Buckler           |    17 |     7 ||    24
